AoeStats
← tobinho_125

Hill Fort

505953968Analyzed
3v3 RM · 20d ago on Sep 11, 2026· 44m 44s· 6 players
Game mode
Random Map
Map size
Normal (6 player)
Population
200
Speed
Normal
Resources
Standard
Victory
Conquest
Starting age
Dark Age
Ending age
Imperial Age
RankedLock teamsTeams togetherTeam positionsShared explorationLock speedFull tech treeHidden civsTurbo modeCheats
Victory
Defeat
🇩🇪 Romans · Germany
886
+14
🇩🇪 Turks · Germany
875
+14
🇦🇺 Maya · Australia
847
+15
🇮🇳 Britons · India
840
-15
🇮🇳 Vietnamese · India
829
-14
🇪🇸 Lithuanians · Spain
822
-14
K10
11:52 Feudal Age
11:14 Loom
13:28 Horse Collar
13:36 Double-Bit Axe
18:28 Castle Age
17:45 Stone Mining
17:45 Gold Mining
19:57 Wheelbarrow
19:25 Heavy Plow
20:47 Bow Saw
23:24 Caravan
28:12 Hand Cart
31:54 Imperial Age
30:25 Scale Mail Armor
30:15 Fletching
30:26 Padded Archer Armor
30:36 Forging
30:36 Thumb Ring
31:45 Ballistics
32:07 Chain Mail Armor
31:47 Bodkin Arrow
31:57 Squires
31:42 Arson
32:54 Leather Archer Armor
34:22 Iron Casting
34:51 Conscription
33:54 Elite Skirmisher
34:40 Hul'che Javelineers
35:22 Bracer
36:38 Elite Plumed Archer
38:25 Chemistry
38:00 Holcans
36:54 Eagle Warrior
36:57 Pikeman
39:36 Plate Mail Armor
40:06 Blast Furnace
39:36 Ring Archer Armor
40:21 Crop Rotation
40:55 Two-Man Saw
39:31 Halberdier
44:47 Masonry
44:18 Treadmill Crane
tobinho_125
12:05 Feudal Age
10:32 Loom
17:34 Castle Age
16:08 Double-Bit Axe
16:29 Horse Collar
19:11 Pikeman
20:07 Bow Saw
21:02 Wheelbarrow
25:39 Padded Archer Armor
27:26 Hand Cart
26:57 Town Watch
30:47 Ballistas
31:53 Leather Archer Armor
31:39 Scale Mail Armor
31:49 Forging
34:13 Imperial Age
34:09 Ballistics
34:36 Town Patrol
34:22 Capped Ram
34:39 Heavy Scorpion
36:03 Halberdier
36:44 Squires
37:02 Chain Mail Armor
37:22 Iron Casting
37:30 Caravan
38:00 Siege Ram
39:14 Ring Archer Armor
38:35 Fletching
40:12 Fletching
40:53 Comitatenses
41:21 Man-at-Arms
42:07 Long Swordsman
43:22 Legionary
Cramgee
14:50 Feudal Age
20:13 Castle Age
19:21 Fletching
19:19 Double-Bit Axe
19:17 Horse Collar
27:45 Imperial Age
25:48 Bow Saw
25:59 Heavy Plow
29:16 Wheelbarrow
30:36 Town Watch
33:47 Ballistics
33:18 Heated Shot
33:29 Murder Holes
34:00 Bodkin Arrow
34:07 Padded Archer Armor
35:59 Gold Mining
36:05 Stone Mining
38:49 Conscription
41:52 Leather Archer Armor
41:37 Bracer
42:06 Masonry
41:37 Treadmill Crane
41:50 Heated Shot
45:00 Architecture
45:18 Hoardings
46:19 Two-Man Saw
SGTbubbles
12:07 Feudal Age
12:15 Loom
14:13 Double-Bit Axe
15:41 Horse Collar
17:00 Padded Archer Armor
16:51 Fletching
20:11 Castle Age
19:28 Padded Archer Armor
19:19 Fletching
25:02 Bodkin Arrow
26:53 Leather Archer Armor
28:00 Bow Saw
30:02 Husbandry
30:15 Scale Barding Armor
30:53 Forging
32:07 Bloodlines
32:33 Chain Barding Armor
32:50 Iron Casting
34:10 Heavy Plow
36:04 Chatras
SGTSanju
11:47 Feudal Age
14:28 Horse Collar
18:57 Castle Age
16:55 Double-Bit Axe
18:00 Gold Mining
20:10 Bloodlines
22:02 Bow Saw
27:25 Wheelbarrow
26:57 Stone Mining
29:33 Husbandry
29:55 Heavy Plow
31:18 Stone Shaft Mining
33:27 Hand Cart
35:54 Imperial Age
36:19 Scale Barding Armor
36:52 Cavalier
42:10 Two-Man Saw
41:39 Chain Barding Armor
Twiste∂•
9:47 Feudal Age
14:47 Castle Age
14:35 Horse Collar
14:50 Double-Bit Axe
20:33 Bow Saw
24:33 Gold Mining
25:41 Crossbowman
27:17 Gold Shaft Mining
27:11 Stone Mining
28:33 Wheelbarrow
31:31 Hand Cart
34:34 Elite Skirmisher
36:37 Ballistics
36:35 Masonry
36:05 Treadmill Crane
39:04 Imperial Age
37:58 Fletching
38:08 Padded Archer Armor
39:26 Arbalester
40:18 Bodkin Arrow
40:38 Leather Archer Armor
41:09 Heavy Plow
42:23 Two-Man Saw
42:38 Yeomen
44:02 Conscription
Connection lost

Rejoining the realm…

Still unreachable

The connection could not be restored.

Session expired

The server has moved on; the page needs a fresh start.